PAA
DURHAM RAPIERS @ HELENA GRIZZLIES
08/20/2023
 
TOP OF THE 1ST
Durham Rapiers batting - Pitching for Helena Grizzlies : RHP Manuel Pader
Pitching: RHP Manuel Pader
Batting: LHB Mayer Röhricht 0-0: Foul Ball, location: 2F
0-1: Ball
1-1: Foul Ball, location: 2F
1-2: Foul Ball, location: 2F
1-2: Hit by Pitch
Batting: RHB Kevin Sanderson 0-0: Called Strike
0-1: Ball
1-1: Grounds into double play, 6-4-3 (Groundball, 6)
Batting: SHB Brent Adams 0-0: Called Strike
0-1: Ground out 4-3 (Groundball, 34)
Top of the 1st over - 0 run(s), 0 hit(s), 0 error(s), 0 left on base; Durham 0 - Helena 0
BOTTOM OF THE 1ST
Helena Grizzlies batting - Pitching for Durham Rapiers : RHP Jim Unknown
Pitching: RHP Jim Unknown
Batting: RHB Chris Woodruff 0-0: Called Strike
0-1: Ball
1-1: Foul Ball, location: 2F
1-2: Ball
2-2: Foul Ball, location: 2F
2-2: Foul Ball, location: 2F
2-2: Ball
3-2: Foul Ball, location: 2F
3-2: Ground out 6-3 (Groundball, 56)
Batting: RHB Tomás Morán 0-0: Swinging Strike
0-1: Ball
1-1: Ball
2-1: Swinging Strike
2-2: Fly out, F6 (Line Drive, 6)
Batting: LHB Miguel Zúñiga 0-0: Ball
1-0: Foul Ball, location: 2F
1-1: Foul Ball, location: 2F
1-2: Fly out, F8 (Flyball, 8RD)
Bottom of the 1st over - 0 run(s), 0 hit(s), 0 error(s), 0 left on base; Durham 0 - Helena 0
TOP OF THE 2ND
Durham Rapiers batting - Pitching for Helena Grizzlies : RHP Manuel Pader
Batting: LHB Mitchell Hansen 0-0: Fly out, F9 (Flyball, 9LD)
Batting: RHB Caleb Lee 0-0: Ball
1-0: Swinging Strike
1-1: Ball
2-1: Foul Ball, location: 2F
2-2: Ground out 4-3 (Groundball, 4)
Batting: LHB Davis Anderson 0-0: Ball
1-0: Called Strike
1-1: Ground out 4-3 (Groundball, 34)
Top of the 2nd over - 0 run(s), 0 hit(s), 0 error(s), 0 left on base; Durham 0 - Helena 0
BOTTOM OF THE 2ND
Helena Grizzlies batting - Pitching for Durham Rapiers : RHP Jim Unknown
Batting: RHB Álex Estrada 0-0: Fly out, F3 (Popup, 34S)
Batting: RHB Gonzalo Sánchez 0-0: Swinging Strike
0-1: Ball
1-1: SINGLE (Groundball, 56S)
Batting: LHB Eugene Henson 0-0: Foul Ball, location: 2F
0-1: Foul Ball, location: 2F
0-2: Strikes out swinging
Batting: RHB Dusty Childress 0-0: Called Strike
0-1: Swinging Strike
0-2: Ball
1-2: Foul Ball, location: 2F
1-2: Foul Ball, location: 2F
1-2: Ball
2-2: Fly out, F8 (Popup, 8LS)
Bottom of the 2nd over - 0 run(s), 1 hit(s), 0 error(s), 1 left on base; Durham 0 - Helena 0
TOP OF THE 3RD
Durham Rapiers batting - Pitching for Helena Grizzlies : RHP Manuel Pader
Batting: RHB Jorge López 0-0: Ball
1-0: Foul Ball, location: 2F
1-1: Ball
2-1: Foul Ball, location: 2F
2-2: Foul Ball, location: 2F
2-2: Ground out 6-3 (Groundball, 6M)
Batting: RHB Vincent Klein 0-0: Fly out, F5 (Popup, 15)
Batting: RHB António Díaz 0-0: Ball
1-0: Foul Ball, location: 2F
1-1: Ball
2-1: Fly out, F8 (Flyball, 8LD)
Top of the 3rd over - 0 run(s), 0 hit(s), 0 error(s), 0 left on base; Durham 0 - Helena 0
BOTTOM OF THE 3RD
Helena Grizzlies batting - Pitching for Durham Rapiers : RHP Jim Unknown
Batting: RHB Gaston Waller 0-0: SINGLE (Groundball, 34)
Batting: RHB Jorge Arreola 0-0: Ball
1-0: Called Strike
1-1: Grounds into double play, 4-6-3 (Groundball, 34)
Batting: RHB Chris Woodruff 0-0: Ball
1-0: Ball
2-0: Foul Ball, location: 2F
2-1: Ball
3-1: Fly out, F3 (Popup, 3F)
Bottom of the 3rd over - 0 run(s), 1 hit(s), 0 error(s), 0 left on base; Durham 0 - Helena 0
TOP OF THE 4TH
Durham Rapiers batting - Pitching for Helena Grizzlies : RHP Manuel Pader
Batting: LHB Mayer Röhricht 0-0: Ground out 6-3 (Groundball, 6)
Batting: RHB Kevin Sanderson 0-0: Called Strike
0-1: SINGLE (Groundball, 56D)
Batting: SHB Brent Adams 0-0: Called Strike
0-1: Ball
1-1: Ball
2-1: Called Strike
Single, Error in OF, E7, batter to second base
Kevin Sanderson to third
Batting: LHB Mitchell Hansen 0-0: Foul Ball, location: 2F
0-1: Swinging Strike
0-2: Ball
1-2: Reached on error, E6 (Groundball, 6)
Kevin Sanderson scores
Brent Adams scores
Batting: RHB Caleb Lee 0-0: Ball
1-0: Fly out, F9 (Flyball, 89M)
Batting: LHB Davis Anderson 0-0: Ball
1-0: Ball
2-0: Ball
3-0: Called Strike
3-1: Foul Ball, location: 2F
3-2: Foul Ball, location: 2F
3-2: Fly out, F9 (Line Drive, 9D)
Top of the 4th over - 2 run(s), 2 hit(s), 2 error(s), 1 left on base; Durham 2 - Helena 0
BOTTOM OF THE 4TH
Helena Grizzlies batting - Pitching for Durham Rapiers : RHP Jim Unknown
Batting: RHB Tomás Morán 0-0: Fly out, F3 (Popup, 3DF)
Batting: LHB Miguel Zúñiga 0-0: Called Strike
0-1: Ball
1-1: Ball
2-1: SINGLE (Groundball, 15S) (infield hit)
Batting: RHB Álex Estrada 0-0: Called Strike
0-1: Swinging Strike
0-2: Strikes out swinging
Batting: RHB Gonzalo Sánchez 0-0: Ball
1-0: Foul Ball, location: 2F
1-1: Fly out, F7 (Flyball, 7M)
Bottom of the 4th over - 0 run(s), 1 hit(s), 0 error(s), 1 left on base; Durham 2 - Helena 0
TOP OF THE 5TH
Durham Rapiers batting - Pitching for Helena Grizzlies : RHP Manuel Pader
Batting: RHB Jorge López 0-0: Ground out 5-3 (Groundball, 56)
Batting: RHB Vincent Klein 0-0: Ball
1-0: Ground out 4-3 (Groundball, 4M)
Batting: RHB António Díaz 0-0: Ball
1-0: Called Strike
1-1: Ball
2-1: Foul Ball, location: 2F
2-2: Ball
3-2: Foul Ball, location: 2F
3-2: Foul Ball, location: 2F
3-2: Ground out 6-3 (Groundball, 6)
Top of the 5th over - 0 run(s), 0 hit(s), 0 error(s), 0 left on base; Durham 2 - Helena 0
BOTTOM OF THE 5TH
Helena Grizzlies batting - Pitching for Durham Rapiers : RHP Jim Unknown
Batting: LHB Eugene Henson 0-0: Swinging Strike
0-1: SINGLE (Line Drive, 78S)
Batting: RHB Dusty Childress 0-0: Ball
1-0: Swinging Strike
1-1: Ball
2-1: Ball
3-1: SINGLE (Flyball, 7LS)
Eugene Henson to second
Batting: RHB Gaston Waller 0-0: Sac Bunt - play at first, batter OUT! 4-3
Eugene Henson to third
Dusty Childress to second
Batting: RHB Jorge Arreola 0-0: Ground out 6-3 (Groundball, 6)
Eugene Henson scores
Dusty Childress to third
Batting: RHB Chris Woodruff 0-0: Foul Ball, location: 2F
0-1: Ball
1-1: Ball
2-1: SINGLE (Groundball, 34D)
Dusty Childress scores
Batting: RHB Tomás Morán 0-0: Ball
1-0: Called Strike
1-1: Foul Ball, location: 2F
1-2: Strikes out swinging
Bottom of the 5th over - 2 run(s), 3 hit(s), 0 error(s), 1 left on base; Durham 2 - Helena 2
TOP OF THE 6TH
Durham Rapiers batting - Pitching for Helena Grizzlies : RHP Manuel Pader
Batting: LHB Mayer Röhricht 0-0: Fly out, F2 (Popup, 2RF)
Batting: RHB Kevin Sanderson 0-0: Swinging Strike
0-1: Ball
1-1: Foul Ball, location: 2F
1-2: Strikes out swinging
Batting: SHB Brent Adams 0-0: Ball
1-0: Swinging Strike
1-1: Swinging Strike
1-2: Ball
2-2: Strikes out swinging
Top of the 6th over - 0 run(s), 0 hit(s), 0 error(s), 0 left on base; Durham 2 - Helena 2
BOTTOM OF THE 6TH
Helena Grizzlies batting - Pitching for Durham Rapiers : RHP Jim Unknown
Batting: LHB Miguel Zúñiga 0-0: Foul Ball, location: 2F
0-1: Fly out, F9 (Line Drive, 9M)
Batting: RHB Álex Estrada 0-0: Ball
1-0: Ball
2-0: Ball
3-0: Called Strike
3-1: Base on Balls
Batting: RHB Gonzalo Sánchez 0-0: Called Strike
0-1: Grounds into double play, 6-4-3 (Groundball, 6M)
Bottom of the 6th over - 0 run(s), 0 hit(s), 0 error(s), 0 left on base; Durham 2 - Helena 2
TOP OF THE 7TH
Durham Rapiers batting - Pitching for Helena Grizzlies : RHP Manuel Pader
Batting: LHB Mitchell Hansen 0-0: Ball
1-0: Ball
2-0: Swinging Strike
2-1: Called Strike
2-2: Ball
3-2: Fly out, F4 (Popup, 4)
Batting: RHB Caleb Lee 0-0: Ball
1-0: Ball
2-0: Ball
3-0: Base on Balls
Batting: LHB Davis Anderson 0-0: Ball
1-0: Called Strike
1-1: Ball
2-1: Foul Ball, location: 2F
2-2: Foul Ball, location: 2F
Reached via error on a dropped throw, E1
Caleb Lee to second
Batting: RHB Jorge López 0-0: Swinging Strike
0-1: Ground out 5-3 (Groundball, 56S)
Caleb Lee to third
Davis Anderson to second
Batting: RHB Vincent Klein 0-0: Fly out, F4 (Popup, 4)
Top of the 7th over - 0 run(s), 0 hit(s), 1 error(s), 2 left on base; Durham 2 - Helena 2
BOTTOM OF THE 7TH
Helena Grizzlies batting - Pitching for Durham Rapiers : RHP Jim Unknown
Pinch Hitting: SHB Tom Craft 0-0: Ball
1-0: SINGLE (Groundball, 34D)
Pinch Hitting: LHB César Muñóz 0-0: Sac Bunt - play at first, batter OUT! 1-4
Tom Craft to second
Pinch Hitting: LHB Tom Cotton 0-0: Intentional Walk
Pinch Hitting: RHB Keith Newbold 0-0: Swinging Strike
0-1: Hit by Pitch
Tom Craft to third
Tom Cotton to second
Batting: RHB Chris Woodruff 0-0: Called Strike
0-1: Fly out, F8 (Flyball, 8RM)
Runner from 3rd tags up, SCORES, throw made
Pinch Hitting: RHB Dustin O'Quinlevan 0-0: Called Strike
0-1: Called Strike
0-2: Foul Ball, location: 2F
0-2: Ball
1-2: Ball
2-2: Ball
3-2: Strikes out swinging
Bottom of the 7th over - 1 run(s), 1 hit(s), 0 error(s), 2 left on base; Durham 2 - Helena 3
TOP OF THE 8TH
Durham Rapiers batting - Pitching for Helena Grizzlies : RHP Manuel Pader
Now at 1B: Tom Craft
Now at 2B: Andrew Palmer
Now at 3B: César Muñóz
Now in CF: Dustin O'Quinlevan
Now in RF: Tom Cotton
Batting: RHB António Díaz 0-0: Called Strike
0-1: SINGLE (Line Drive, 8RS)
Batting: LHB Mayer Röhricht 0-0: Ball
1-0: Grounds into double play, 4-6-3 (Groundball, 4)
Batting: RHB Kevin Sanderson 0-0: Fly out, F7 (Flyball, 7D)
Top of the 8th over - 0 run(s), 1 hit(s), 0 error(s), 0 left on base; Durham 2 - Helena 3
BOTTOM OF THE 8TH
Helena Grizzlies batting - Pitching for Durham Rapiers : RHP Jim Unknown
Batting: LHB Miguel Zúñiga 0-0: Foul Ball, location: 2F
0-1: Ball
1-1: Ball
2-1: Ball
3-1: Called Strike
3-2: SINGLE (Flyball, 8RS)
Batting: RHB Álex Estrada 0-0: Called Strike
0-1: Foul Ball, location: 2F
0-2: Foul Ball, location: 2F
0-2: Strikes out swinging
Batting: RHB Gonzalo Sánchez 0-0: Foul Ball, location: 2F
0-1: Fly out, F3 (Popup, 9LS)
Batting: SHB Tom Craft 0-0: Called Strike
0-1: Foul Ball, location: 2F
0-2: Ball
1-2: Foul Ball, location: 2F
1-2: Foul Ball, location: 2F
1-2: Ball
2-2: Foul Ball, location: 2F
2-2: DOUBLE (Line Drive, 7LS)
Miguel Zúñiga to third
Runner from 3rd tries for Home, SAFE, no throw or cutoff
Pitching: RHP Pedro Figueroa
Batting: LHB César Muñóz 0-0: Called Strike
0-1: Ball
1-1: Fly out, F5 (Popup, 25)
Bottom of the 8th over - 1 run(s), 2 hit(s), 0 error(s), 1 left on base; Durham 2 - Helena 4
TOP OF THE 9TH
Durham Rapiers batting - Pitching for Helena Grizzlies : RHP Manuel Pader
Pitching: LHP Jim Unknown
Batting: SHB Brent Adams 0-0: Ground out U3 (Groundball, 3)
Batting: LHB Mitchell Hansen 0-0: Ball
1-0: Foul Ball, location: 2F
1-1: Ball
2-1: Ball
3-1: Base on Balls
Pinch Runner at 1st Luis Dávila:
Batting: RHB Caleb Lee 0-0: Called Strike
0-1: Ball
1-1: Ball
2-1: TRIPLE (Line Drive, 89M)
Luis Dávila scores
Pinch Hitting: SHB Ray Dickey 0-0: Ball
1-0: Foul Ball, location: 2F
1-1: Ball
2-1: Foul Ball, location: 2F
2-2: Ground out 6-3 (Groundball, 6M)
Batting: RHB Jorge López 0-0: Swinging Strike
0-1: Ground out 4-3 (Groundball, 4)
Top of the 9th over - 1 run(s), 1 hit(s), 0 error(s), 1 left on base; Durham 3 - Helena 4
This league is powered by Out of the Park Baseball, the baseball management simulation game for PC, Mac and Linux
Friday, July 8th, 2016 - OOTP Baseball 16.9 Build 39